 Dungeon Crawl Stone Soup version 0.23-a0-639-ga9a3373 (console) character file.

583 Duffy the Firebug (level 7, 28/47 HPs)
             Began as a Demonspawn Fire Elementalist on Dec 29, 2018.
             Was a Follower of Cheibriados.
             Quit the game on level 5 of the Dungeon.
             The game lasted 00:05:04 (5636 turns).

Duffy the Firebug (Demonspawn Fire Elementalist)    Turns: 5636, Time: 00:05:05

Health: 28/47      AC:  5    Str: 10    XL:     7   Next: 14%
Magic:  4/13       EV: 12    Int: 21    God:    Cheibriados [*.....]
Gold:   95         SH:  0    Dex: 15    Spells: 6/14 levels left

rFire    . . .     SeeInvis .   a - +2 dagger (flame)
rCold    . . .     Gourm    .   (no shield)
rNeg     . . .     Faith    .   t - +1 robe {MR+}
rPois    .         Spirit   .   g - +0 helmet
rElec    .         Reflect  .   (no cloak)
rCorr    +         Harm     .   (no gloves)
MR       +....                  (no boots)
Stlth    ++........             (no amulet)
HPRegen  0.15/turn              h - ring of resist corrosion
MPRegen  0.13/turn              (no ring)

@: very slightly contaminated, very slow
A: hooves 1, rugged brown scales 1, spiny 1
a: Bend Time, Renounce Religion


You were on level 5 of the Dungeon.
You worshipped Cheibriados.
Cheibriados was aware of your devotion.
You were near starving.

You visited 2 branches of the dungeon, and saw 6 of its levels.

You collected 187 gold pieces.
You spent 92 gold pieces at shops.

Inventory:

Hand Weapons
 a - a +2 dagger of flaming (weapon)
 u - a +0 quarterstaff
Missiles
 n - 6 poisoned tomahawks (quivered)
Armour
 d - a +2 buckler
 g - a +0 helmet (worn)
 t - a +1 robe of magic resistance (worn)
Jewellery
 h - a ring of resist corrosion (left hand)
Scrolls
 b - 4 scrolls of identify {unknown}
 e - a scroll of fog {unknown}
 j - 2 scrolls of teleportation {unknown}
 k - a scroll of amnesia {unknown}
 l - 4 scrolls of enchant weapon {unknown}
 o - a scroll of remove curse {unknown}
 p - a scroll of blinking {unknown}
 v - a scroll of magic mapping {unknown}
Potions
 f - a potion of might {unknown}
 i - 2 potions of curing {unknown}
 m - 2 potions of degeneration {unknown}
 q - 3 potions of mutation {unknown}
 r - a potion of ambrosia {unknown}
 s - a potion of flight {unknown}
Comestibles
 c - 12 rations


   Skills:
 - Level 1.7 Dodging
 - Level 1.7 Stealth
 + Level 4.4 Spellcasting
 + Level 4.4 Conjurations
 + Level 4.8 Fire Magic


You had 6 spell levels left.
You knew the following spells:

 Your Spells              Type           Power        Failure   Level  Hunger
h - Flame Tongue          Conj/Fire      ###..        1%          1    None
j - Sticky Flame          Conj/Fire      ###.....     17%         4    ####...
l - Conjure Flame         Conj/Fire      ###.....     5%          3    ##.....

Your spell library contained the following spells:

 Spells                   Type           Power        Failure   Level  Hunger
 Throw Flame              Conj/Fire      ###...       2%          2    #......
 Inner Flame              Hex/Fire       ##......     13%         3    ##.....
 Fireball                 Conj/Fire      ###.......   43%         5    ######.


Dungeon Overview and Level Annotations

Branches:
Dungeon (5/15)             Temple (1/1) D:4

Altars:
Cheibriados
Fedhas
Hepliaklqana
Makhleb
Okawaru
Ru
Sif Muna
Trog
Uskayaw
Xom
Zin
The Shining One

Shops:
D:4 [

Annotations:
D:3 3 runed doors, Lanoc's ghost, amateur OpTm


Innate Abilities, Weirdness & Mutations

You have large cloven feet.
You are partially covered in rugged brown scales. (AC +1, +3% HP)
You are partially covered in sharp spines.


Message History

The ogre is covered in liquid flames!
You are near starving!
The ogre burns!
The ogre closely misses you.
The ogre burns! x2
The ogre burns!
The ogre burns!
The ogre stops burning.
The ogre closely misses you. The ogre closely misses you. The ogre misses you.
Casting: Sticky Flame (slightly dangerous; 19% risk of failure)
Confirm with . or Enter, or press ? or * to list all spells.
Aiming: Flame Tongue (safe; 1% risk of failure)
Press: ? - help, Shift-Dir - straight line, f/p - ogre
Aim: an ogre, wielding a +0 giant club (almost dead)
The flame tongue hits the ogre.
You kill the ogre!
Cheibriados appreciates the change of pace.
You have reached level 7!
Your demonic ancestry asserts itself...
Sharp spines emerge from parts of your body.
Are you sure you want to abandon this character and quit the game? (Confirm

### .## ..# #. #.. .. ....
#.## #.# .##... ..###
####.##.#... #...
..)......#
##).######.......#
#.......##.......#.#
#...###...........#
########....)@..#...#.##..#
#.....<..#.###..#.....##.
#.########.# #............
#.# #.......##### #.#
#..###..# #.###..###..#
#...........# #####..####.#
#..# %#


There were no monsters in sight!

Vanquished Creatures
  A phantom (D:5)
  An ogre (D:5)
  A scorpion (D:5)
  An orc wizard (D:3)
  Jessica (D:2)
  2 centaur skeletons
  3 worker ants
  3 gnolls (D:4)
  7 adders
  An ooze (Temple)
  A worm (D:3)
  6 dart slugs
  A leopard gecko (D:1)
  3 orcs
  A ball python (D:1)
  4 giant cockroaches
  11 goblins
  9 hobgoblins
  A quokka (D:3)
  A ball python skeleton (D:4)
  5 bats
  4 frilled lizards (D:2)
  8 kobolds
  3 rats
79 creatures vanquished.

Vanquished Creatures (others)
  2 fungi (D:3)
  2 plants (D:3)
4 creatures vanquished.

Grand Total: 83 creatures vanquished

Notes
Turn   | Place    | Note
-------+----------+-------------------------------------------
     0 | D:1      | Duffy the Demonspawn Fire Elementalist began the quest for
                  | the Orb.
     0 | D:1      | Reached XP level 1. HP: 13/13 MP: 3/3
   257 | D:1      | Gained mutation: You are partially covered in rugged brown
                  | scales. (AC +1, +3% HP) [demonic ancestry]
   257 | D:1      | Reached XP level 2. HP: 13/19 MP: 3/5
  1528 | D:2      | Gained mutation: You have large cloven feet. [demonic
                  | ancestry]
  1528 | D:2      | Reached XP level 3. HP: 22/24 MP: 1/6
  1529 | D:2      | Noticed Jessica
  1614 | D:2      | Killed Jessica
  1821 | D:2      | Learned a level 3 spell: Conjure Flame
  1823 | D:2      | Reached XP level 4. HP: 30/30 MP: 1/8
  2912 | D:2      | Learned a level 4 spell: Sticky Flame
  2946 | D:3      | Found a hide-covered altar of Uskayaw.
  3209 | D:3      | Reached XP level 5. HP: 36/36 MP: 6/9
  3359 | D:3      | Found a bloodstained altar of Trog.
  3569 | D:3      | Found a runed gate.
  3570 | D:3      | Noticed Lanoc's ghost (amateur OpTm)
  3571 | D:3      | Found a runed gate.
  3571 | D:3      | Found a runed gate.
  3977 | D:4      | Found a staircase to the Ecumenical Temple.
  3985 | Temple   | Entered the Ecumenical Temple
  4230 | Temple   | Became a worshipper of Cheibriados the Contemplative
  4457 | D:4      | Found Cidghoho's Antique Armour Emporium.
  4464 | D:4      | Bought a runed robe for 92 gold pieces
  4688 | D:4      | Reached XP level 6. HP: 39/42 MP: 5/11
  5133 | D:5      | Entered Level 5 of the Dungeon
  5386 | D:5      | Reached * piety under Cheibriados
  5635 | D:5      | Gained mutation: You are partially covered in sharp spines.
                  | [demonic ancestry]
  5635 | D:5      | Reached XP level 7. HP: 28/47 MP: 4/13
  5636 | D:5      | Quit the game

Vault maps used:
D:1:      dpeg_arrival_circle_labyrinth_c
D:2:      minmay_goblin_kobold_house, uniq_jessica
D:3:      lightli_temple_of_fire, eat_drink_and_be_merry_uskayaw,
          gammafunk_ghost_nasty_kobolds, first_ration
D:4:      minmay_temple_entry_wispy, serial_shops, nicolae_shop_trees,
          chequers_serial_rivers_micro_d
D:5:      overflow_temple_1_default, serial_shops, shop
Temple:   dpeg_chambers_temple

Skill      XL: |  1  2  3  4  5  6 |
---------------+-------------------+-----
Fire Magic     | 3 4 |  4.8
Conjurations   | 2 3 4 |  4.4
Spellcasting   | 3 4 |  4.4
Dodging        | |  1.7
Stealth        | |  1.7

Action                   |  1- 3 |  4- 6 |  7- 9 || total
-------------------------+-------+-------+-------++-------
Melee: Unarmed           |     1 |     2 |       ||     3
       Kick              |     1 |     2 |       ||     3
       Dagger            |       |     5 |       ||     5
 Cast: Flame Tongue      |    38 |   147 |     1 ||   186
       Conjure Flame     |     1 |     1 |       ||     2
       Sticky Flame      |       |     1 |       ||     1
  Eat: Chunk             |     3 |     7 |       ||    10
       Ration            |       |     1 |       ||     1
Armor: Robe              |     2 |    26 |       ||    28
Dodge: Dodged            |    11 |    61 |       ||    72

Table legend:
 A = Non-vault XP
 B = Vault XP
 C = Vault XP percentage of total XP
 D = Non-vault monster count
 E = Vault monster count
 F = Vault count percentage of total count
                 A         B        C        D         E       F
            +---------+---------+-------+---------+---------+-------
      Total |     781 |      53 |   6.4 |      70 |       9 |  11.4
            +---------+---------+-------+---------+---------+-------
        D:1 |      29 |       8 |  21.6 |      15 |       4 |  21.1
        D:2 |      76 |      45 |  37.2 |      17 |       5 |  22.7
        D:3 |     117 |       0 |   0.0 |      20 |       0 |   0.0
        D:4 |     152 |       0 |   0.0 |      11 |       0 |   0.0
        D:5 |     401 |       0 |   0.0 |       6 |       0 |   0.0
     Temple |       6 |       0 |   0.0 |       1 |       0 |   0.0
            +---------+---------+-------+---------+---------+-------
